[Event "Titled Tuesday Blitz December 13 Late 2022"]
[White "Deac, Bogdan-Daniel"]
[Black "Nakamura, Hikaru"]
[WhiteFideId "1226380"]
[BlackFideId "2016192"]
[WhiteElo "2649"]
[BlackElo "2909"]
[Result "1/2-1/2"]
[Round "06"]
[TimeControl "180+1"]
[Date "2022.12.13"]
[WhiteClock "0:00:03"]
[BlackClock "0:00:09"]

1. d4 Nf6 2. c4 e6 3. Nf3 d5 4. g3 dxc4 5. Bg2 Nbd7 6. Nfd2 Nb6 7. Nxc4 Bb4+ 8. Nc3 O-O 9. Ne5 c5 10. a3 Bxc3+ 11. bxc3 Nbd7 12. O-O Qa5 13. Qc2 Nxe5 14. dxe5 Nd7 15. Bf4 Nb6 16. Rfd1 Bd7 17. Rd6 Ba4 18. Qa2 c4 19. Qd2 Bb3 20. Be3 Qxe5 21. Bxb7 Rab8 22. Bf4 Qa5 23. Be4 Na4 24. Rc1 Nc5 25. Bb1 Ba4 26. Qe3 Rb2 27. Be4 Nxe4 28. Qxe4 Qh5 29. f3 Ra2 30. Qxc4 Rxa3 31. Qd3 Ra2 32. c4 Qg6 33. c5 Qxd3 34. exd3 h6 35. c6 Bxc6 36. Rdxc6 Kh7 37. Rc8 Rxc8 38. Rxc8 Ra3 39. Rd8 f6 40. Kf2 e5 41. Be3 Ra2+ 42. Kg1 a5 43. Ra8 a4 44. d4 Ra3 45. Kf2 Ra2+ 46. Ke1 exd4 47. Bxd4 Rxh2 48. Rxa4 h5 49. Bf2 Rh1+ 50. Ke2 Rb1 51. Ra5 Kg6 52. Be3 Rb2+ 53. Kf1 Rc2 54. Ra3 Rb2 55. Rd3 Rc2 56. Bd2 Ra2 57. Kg2 Rb2 58. Kh3 Ra2 59. Rd5 Ra4 60. Bf4 Ra3 61. Kg2 Ra2+ 62. Bd2 Ra4 63. f4 Ra2 64. f5+ Kh7 65. Kh3 Ra1 66. Bf4 Rh1+ 67. Kg2 Ra1 68. Kh2 Ra2+ 69. Kh3 Ra1 70. Bd6 Rh1+ 71. Kg2 Ra1 72. Bf8 Ra8 73. Bc5 Ra2+ 74. Kf3 Ra5 75. Ke4 Ra4+ 76. Bd4 Ra3 77. Kf4 Ra4 78. Rd7 Kg8 79. Kf3 Ra3+ 80. Kf4 Ra4 81. Rd5 Kh7 82. Kf3 Ra3+ 83. Be3 Ra4 84. Rd7 Ra5 85. Ke4 Ra4+ 86. Rd4 Ra5 87. Rb4 Re5+ 88. Kf4 Ra5 89. Bd4 Ra2 90. Rb7 Ra4 91. Ke4 Kg8 92. Kd5 Ra3 93. Rb8+ Kh7 94. Rb7 Kg8 95. Rb8+ Kh7 96. Rb7 Kg8 1/2-1/2


[Site "https://www.chess.com"]

[Event "Titled Tuesday Blitz December 13 Late 2022"]
[White "Dias, Joao Batista"]
[Black "De VJunior, Liduino Furtado"]
[WhiteFideId "2108240"]
[BlackFideId "2109913"]
[WhiteElo "1898"]
[BlackElo "2050"]
[Result "1-0"]
[Round "06"]
[TimeControl "180+1"]
[Date "2022.12.14"]
[WhiteClock "0:00:19"]
[BlackClock "0:00:03"]

1. e4 e6 2. d4 d5 3. Nd2 Nf6 4. e5 Nfd7 5. c3 c5 6. f4 Nc6 7. Ngf3 Be7 8. Nb3 O-O 9. Be3 b6 10. Be2 f6 11. O-O fxe5 12. fxe5 a5 13. Qd2 a4 14. Nc1 cxd4 15. cxd4 Ba6 16. Nd3 Na5 17. Nf4 Bxe2 18. Qxe2 Rxf4 19. Bxf4 Nf8 20. Qd3 Ng6 21. Be3 Nc4 22. Bc1 b5 23. Rb1 Qd7 24. b3 axb3 25. axb3 Na5 26. Bd2 Nc6 27. g3 Ra2 28. Rf2 Qb7 29. h4 Qb6 30. Be3 Nb4 31. Qc3 Rxf2 32. Bxf2 Nc6 33. Rc1 Nd8 34. Qc8 h6 35. Ne1 Qa5 36. Nd3 Qd2 37. Qc2 Qa5 38. Nc5 Nf8 39. Be1 Qb6 40. b4 Nc6 41. Qc3 Bxc5 42. bxc5 Qc7 43. Ra1 1-0


[Site "https://www.chess.com"]

[Event "Titled Tuesday Blitz December 13 Late 2022"]
[White "Donskov, Anatoly"]
[Black "Liu, Kelsey"]
[WhiteFideId "24143413"]
[BlackFideId "30944481"]
[WhiteElo "2219"]
[BlackElo "2284"]
[Result "1-0"]
[Round "06"]
[TimeControl "180+1"]
[Date "2022.12.14"]
[WhiteClock "0:02:48"]
[BlackClock "0:01:46"]

1. d4 Nf6 2. Nf3 e6 3. Bf4 b6 4. e3 Bb7 5. Nbd2 d6 6. h3 Nbd7 7. Bh2 Be7 8. Be2 O-O 9. O-O c5 10. c3 Re8 11. a4 a6 12. Nc4 Nf8 13. dxc5 dxc5 14. Qxd8 Bxd8 15. Nd6 Re7 16. Nxb7 Rxb7 17. Ne5 Rc8 18. Bxa6 1-0


[Site "https://www.chess.com"]

[Event "Titled Tuesday Blitz December 13 Late 2022"]
[White "Eisa Mohmood, Alkhoori"]
[Black "Levine, David"]
[WhiteFideId "9316116"]
[BlackFideId "2011611"]
[WhiteElo "1245"]
[BlackElo "2134"]
[Result "1-0"]
[Round "06"]
[TimeControl "180+1"]
[Date "2022.12.14"]
[WhiteClock "0:00:36"]
[BlackClock "0:00:34"]

1. e4 e5 2. Nf3 Nc6 3. Bb5 a6 4. Ba4 Nf6 5. d4 b5 6. Bb3 exd4 7. O-O Be7 8. Re1 d6 9. h3 O-O 10. c3 dxc3 11. Nxc3 Bb7 12. Bf4 Nd7 13. Nd5 Nde5 14. Rc1 Nxf3+ 15. Qxf3 Nd4 16. Qc3 Nxb3 17. Nxe7+ Qxe7 18. Qxc7 Qf6 19. axb3 Qxf4 20. Qxb7 Qe5 21. Rc2 Rfe8 22. Rec1 h6 23. Rc8 Raxc8 24. Rxc8 Rxc8 25. Qxc8+ Kh7 26. Qxa6 Qxe4 27. Qxb5 Qe1+ 28. Kh2 Qe5+ 29. Qxe5 dxe5 30. b4 1-0


[Site "https://www.chess.com"]

[Event "Titled Tuesday Blitz December 13 Late 2022"]
[White "Fedoseev, Vladimir"]
[Black "Svane, Frederik"]
[WhiteFideId "24130737"]
[BlackFideId "12923044"]
[WhiteElo "2733"]
[BlackElo "2466"]
[Result "1-0"]
[Round "06"]
[TimeControl "180+1"]
[Date "2022.12.13"]
[WhiteClock "0:01:53"]
[BlackClock "0:00:19"]

1. e4 e5 2. Nf3 Nf6 3. Nxe5 d6 4. Nf3 Nxe4 5. Nc3 Nxc3 6. dxc3 Be7 7. Be3 Nc6 8. Bd3 Be6 9. Qe2 Qd7 10. O-O-O O-O-O 11. Kb1 Rhe8 12. h3 h6 13. Bb5 a6 14. Bxa6 bxa6 15. Qxa6+ Kb8 16. c4 d5 17. Ne5 1-0


[Site "https://www.chess.com"]

[Event "Titled Tuesday Blitz December 13 Late 2022"]
[White "Fernandez De La Vara, Arnaldo"]
[Black "Holt, Conrad"]
[WhiteFideId "3518388"]
[BlackFideId "2034387"]
[WhiteElo "2387"]
[BlackElo "2592"]
[Result "0-1"]
[Round "06"]
[TimeControl "180+1"]
[Date "2022.12.13"]
[WhiteClock "0:00:01"]
[BlackClock "0:00:30"]

1. Nf3 d5 2. g3 Bf5 3. Bg2 e6 4. d3 c6 5. O-O Nd7 6. Nbd2 Bc5 7. e4 Bg6 8. Qe2 Ne7 9. b3 dxe4 10. Nxe4 Bxe4 11. dxe4 O-O 12. Rd1 Qc7 13. Bb2 Rfd8 14. a4 Ng6 15. Kh1 Nf6 16. Ne1 e5 17. Nd3 Bd4 18. c3 Bb6 19. Ba3 c5 20. Nb2 Ba5 21. Rac1 Rxd1+ 22. Qxd1 Qc6 23. b4 Bb6 24. b5 Qe6 25. Qe2 Qb3 26. Nc4 Qxa4 27. Rb1 Rd8 28. f3 h5 29. h4 Bc7 30. Bf1 b6 31. Qb2 Rd1 32. Kg2 Rxb1 33. Qxb1 a6 34. bxa6 Qxa6 35. Qb3 b5 36. Ne3 c4 37. Qb2 Bd6 38. Bb4 Bxb4 39. Qxb4 Qa2+ 40. Kg1 Qd2 41. Nf5 Qd7 42. Qc5 Kh7 43. Be2 Ne8 44. Kf2 Nc7 45. Nd6 Ne6 46. Qb4 Qa7+ 47. Kg2 Ngf4+ 48. gxf4 Nxf4+ 49. Kf1 Qa1+ 50. Kf2 Qa2 51. Kg3 Qxe2 0-1


[Site "https://www.chess.com"]

[Event "Titled Tuesday Blitz December 13 Late 2022"]
[White "Ferriz Barrios, Andres"]
[Black "Joubert, Dantelle"]
[WhiteFideId "5104467"]
[BlackFideId "14310813"]
[WhiteElo "2269"]
[BlackElo "1507"]
[Result "0-1"]
[Round "06"]
[TimeControl "180+1"]
[Date "2022.12.14"]
[WhiteClock "0:01:29"]
[BlackClock "0:00:09"]

1. d4 d5 2. Nf3 Nf6 3. Nbd2 Bf5 4. e3 c6 5. Bd3 e6 6. O-O Nbd7 7. Re1 Bd6 8. Qe2 O-O 9. e4 dxe4 10. Nxe4 Nxe4 11. Bxe4 Bxe4 12. Qxe4 h6 13. c3 Nf6 14. Qh4 Nd5 15. Qg4 Qf6 16. Ne5 Rad8 17. a3 Qf5 18. Qxf5 exf5 19. Nc4 Bc7 20. Bd2 Rfe8 21. Ne3 Nxe3 22. Bxe3 f4 23. Bd2 f6 24. g3 fxg3 25. hxg3 Kf7 26. Kg2 f5 27. Kf3 g6 28. g4 fxg4+ 29. Kxg4 h5+ 30. Kg5 Rd5+ 31. Kh4 Bd8+ 32. Kh3 Rxe1 33. Rxe1 g5 34. f3 Bf6 35. Kg2 Rd8 36. Rh1 Kg6 37. f4 g4 38. Rf1 Kf5 39. Re1 h4 40. Be3 h3+ 41. Kh2 Bh4 42. Rg1 Re8 43. Bc1 Re2+ 44. Kh1 g3 45. c4 Rh2# 0-1


[Site "https://www.chess.com"]

[Event "Titled Tuesday Blitz December 13 Late 2022"]
[White "Floresvillar Gonzalez, Luis Migu"]
[Black "Gasparyan, David"]
[WhiteFideId "5100542"]
[BlackFideId "13311980"]
[WhiteElo "2040"]
[BlackElo "2423"]
[Result "0-1"]
[Round "06"]
[TimeControl "180+1"]
[Date "2022.12.14"]
[WhiteClock "0:00:01"]
[BlackClock "0:00:35"]

1. d4 Nf6 2. c3 d5 3. Bg5 Bf5 4. Nd2 e6 5. Qb3 Qc8 6. Bxf6 gxf6 7. e3 Bd6 8. Bb5+ c6 9. Be2 Rg8 10. g3 Nd7 11. Ngf3 h6 12. h4 Qc7 13. a4 a5 14. c4 Rb8 15. cxd5 exd5 16. O-O Bxg3 17. Kh1 Bd6 18. Rg1 Ke7 19. Rxg8 Rxg8 20. Rg1 Rxg1+ 21. Kxg1 Qc8 22. Kf1 b6 23. Bd3 Bg4 24. e4 Be6 25. exd5 cxd5 26. Qd1 Qg8 27. Qe2 Qg4 28. Qe3 Bf4 29. Qe2 Qh3+ 30. Ke1 Kf8 31. Qf1 Qg4 32. Be2 Bf5 33. Qg1 Bxd2+ 34. Kxd2 Qf4+ 35. Kd1 Qe4 36. Qg3 Qb1+ 37. Kd2 Qxb2+ 38. Ke1 Qc1+ 39. Bd1 Bc2 40. Qd6+ Ke8 41. Ke2 Qxd1+ 42. Ke3 Qd3+ 43. Kf4 Qe4+ 44. Kg3 h5 45. Nh2 Qg6+ 46. Kf4 Qg2 47. Nf3 Be4 0-1


[Site "https://www.chess.com"]

[Event "Titled Tuesday Blitz December 13 Late 2022"]
[White "Freile Martin, Javier"]
[Black "Rodriguez Fontecha, Marcos"]
[WhiteFideId "3600165"]
[BlackFideId "2256576"]
[WhiteElo "2378"]
[BlackElo "2263"]
[Result "0-1"]
[Round "06"]
[TimeControl "180+1"]
[Date "2022.12.14"]
[WhiteClock "0:01:01"]
[BlackClock "0:01:24"]

1. c4 c6 2. d4 d5 3. Nf3 Nf6 4. g3 g6 5. Bg2 Bg7 6. O-O O-O 7. Qc2 a6 8. Nbd2 b5 9. b3 Bf5 10. Qd1 Nbd7 11. a4 bxc4 12. bxc4 Nb6 13. Ne5 Rc8 14. a5 Nbd7 15. Ndf3 Ne4 16. e3 Nxe5 17. dxe5 dxc4 18. Qa4 Qd3 19. Ra3 Nc3 20. Qb4 Ne2+ 21. Kh1 c3 22. Nd4 c5 23. Nxf5 cxb4 24. Nxe7+ Kh8 0-1


[Site "https://www.chess.com"]

[Event "Titled Tuesday Blitz December 13 Late 2022"]
[White "Gerbelli Neto, Eduardo"]
[Black "Hamedi Nia, Vesal"]
[WhiteFideId "2103281"]
[BlackFideId "12542253"]
[WhiteElo "2178"]
[BlackElo "1844"]
[Result "1-0"]
[Round "06"]
[TimeControl "180+1"]
[Date "2022.12.14"]
[WhiteClock "0:00:07"]
[BlackClock "0:00:04"]

1. e4 c5 2. Nc3 Nc6 3. f4 e6 4. Nf3 d5 5. Bb5 d4 6. Bxc6+ bxc6 7. Ne2 Nf6 8. d3 a5 9. b3 a4 10. Bd2 axb3 11. axb3 Ba6 12. O-O Be7 13. Qe1 O-O 14. Ba5 Qc8 15. Ng3 Ng4 16. Bd2 Bb5 17. Qe2 Nf6 18. f5 Re8 19. Rxa8 Qxa8 20. fxe6 fxe6 21. Ng5 Qc8 22. e5 Nd5 23. Qh5 Bxg5 24. Qf7+ Kh8 25. Bxg5 Ba6 26. Nh5 Rg8 27. Rf3 Qe8 28. Qxe8 Rxe8 29. Rf7 h6 30. Bd2 Re7 31. Rf8+ Kh7 32. Ng3 Rb7 33. Ne4 c4 34. bxc4 Rb1+ 35. Kf2 Ne7 36. Rf7 Ng6 37. Nf6+ Kh8 38. Nh5 Nxe5 39. Rxg7 Rb2 40. Ra7 Rxc2 41. Ke1 Ra2 42. Nf6 Nxd3+ 43. Ke2 Nf4+ 44. Kf3 Bb7 45. Rxb7 Ra3+ 46. Kxf4 1-0


[Site "https://www.chess.com"]

[Event "Titled Tuesday Blitz December 13 Late 2022"]
[White "Goltsev, Dmitry"]
[Black "Grigoriants, Sergey"]
[WhiteFideId "24176710"]
[BlackFideId "4130804"]
[WhiteElo "2327"]
[BlackElo "2502"]
[Result "0-1"]
[Round "06"]
[TimeControl "180+1"]
[Date "2022.12.13"]
[WhiteClock "0:00:02"]
[BlackClock "0:00:09"]

1. e4 c5 2. Nf3 d6 3. d4 cxd4 4. Nxd4 Nf6 5. Nc3 a6 6. Be2 e6 7. O-O Qc7 8. f4 Be7 9. Be3 b5 10. Bf3 Bb7 11. a3 Nbd7 12. Qe2 O-O 13. Rad1 Rfe8 14. f5 Bf8 15. fxe6 fxe6 16. Bg4 Nxg4 17. Qxg4 Ne5 18. Qh3 Qd7 19. Bf4 Ng6 20. Bg3 Rad8 21. Rf2 Ne5 22. Bxe5 dxe5 23. Nxe6 Qxd1+ 24. Nxd1 Rxd1+ 25. Rf1 Rxf1+ 26. Kxf1 Bc8 27. Qc3 Bxe6 28. Qc6 Bc4+ 29. Ke1 Re6 30. Qc8 Rf6 31. b3 Bf7 32. c4 bxc4 33. bxc4 Bg6 34. Qa8 h6 35. c5 Kh7 36. c6 Bxe4 37. c7 Bxa8 38. c8=Q Be4 39. a4 a5 40. g3 Bd3 41. Kd2 e4 42. g4 Rf3 43. g5 hxg5 44. Qg4 Bb4+ 45. Kc1 Kh6 46. h4 Be7 47. h5 Bf6 48. Qc8 Kxh5 49. Kd2 Kh4 50. Qa8 g4 51. Qxa5 g3 52. Qc5 Bg5+ 53. Kc3 g2 54. Qg1 Bf1+ 0-1


[Site "https://www.chess.com"]

[Event "Titled Tuesday Blitz December 13 Late 2022"]
[White "Gorodetzky, David"]
[Black "Jobava, Baadur"]
[WhiteFideId "2813416"]
[BlackFideId "13601520"]
[WhiteElo "2484"]
[BlackElo "2582"]
[Result "0-1"]
[Round "06"]
[TimeControl "180+1"]
[Date "2022.12.13"]
[WhiteClock "0:00:03"]
[BlackClock "0:00:21"]

1. Nf3 d5 2. d4 Nf6 3. Bf4 c5 4. e3 Nc6 5. Nbd2 cxd4 6. exd4 Bf5 7. c3 e6 8. Qb3 Qb6 9. Qxb6 axb6 10. Nh4 Be4 11. f3 Bc2 12. Rc1 Bg6 13. Nxg6 hxg6 14. a3 Nh5 15. Bc7 Kd7 16. Bxb6 Ng3 17. Rg1 Rxh2 18. Bd3 Bd6 19. Nb3 Rah8 20. Nc5+ Kc8 21. a4 Bf4 22. Kf2 Nh1+ 23. Rxh1 Rxh1 24. Rxh1 Rxh1 25. a5 Bc7 26. Bxc7 Kxc7 27. b4 Rc1 28. Na4 g5 29. Ke3 Rg1 30. g4 Ra1 31. Nc5 b6 32. axb6+ Kxb6 33. Nd7+ Kc7 34. Nc5 Ne7 35. Bb5 Nc8 36. Na6+ Kd8 37. Nb8 Nd6 38. Bd3 Ra3 39. Kd2 g6 40. Nc6+ Kc7 41. Ne5 Ra2+ 42. Ke3 Rb2 43. Ba6 Rc2 44. Kd3 Ra2 45. b5 Rb2 46. Ke3 f6 47. b6+ Kxb6 48. Nd3 Rc2 49. Nc5 Rxc3+ 50. Bd3 Rxc5 51. dxc5+ Kxc5 52. Bxg6 Nc4+ 53. Kf2 Ne5 54. Bh7 Kd6 55. Ke3 Nc4+ 56. Kd3 Ke5 57. Bg8 Nd6 58. Ke3 Nb5 59. Kd3 Nd4 60. Ke3 Nc6 61. Kd3 Ne7 62. Bf7 Nc8 63. Ke3 Nd6 64. Bg8 f5 65. gxf5 exf5 66. Kd3 d4 67. Ke2 Kf4 68. Bd5 Ke5 69. Bc6 Nc4 70. Kd3 Ne3 71. Ke2 Nd5 72. Bb7 Nf4+ 73. Kd2 Ne6 74. Bc8 Nc5 75. Ke2 Kf4 76. Kf2 d3 77. Ke1 Ke3 78. Bxf5 d2+ 79. Kd1 Na4 80. Kc2 Nc3 81. Kxc3 d1=Q 82. Be4 Qd4+ 0-1


[Site "https://www.chess.com"]

[Event "Titled Tuesday Blitz December 13 Late 2022"]
[White "Goroshkov, Maksym"]
[Black "Gutkin, Ilya"]
[WhiteFideId "14142716"]
[BlackFideId "16203470"]
[WhiteElo "2258"]
[BlackElo "2265"]
[Result "0-1"]
[Round "06"]
[TimeControl "180+1"]
[Date "2022.12.14"]
[WhiteClock "0:00:20"]
[BlackClock "0:00:05"]

1. e4 e6 2. d4 d5 3. exd5 exd5 4. c4 Bb4+ 5. Nc3 Ne7 6. Nf3 c6 7. Be2 O-O 8. O-O Bf5 9. Ne5 f6 10. Nd3 Bxc3 11. bxc3 dxc4 12. Nc5 b5 13. Bg4 Nd7 14. Bxf5 Nxc5 15. Bxh7+ Kxh7 16. Qh5+ Kg8 17. Qxc5 Re8 18. Ba3 Qd5 19. Qb4 Ng6 20. g3 Re2 21. Rae1 Rae8 22. Rxe2 Rxe2 23. Qb1 Kf7 24. Bc5 Qf3 25. a4 a6 26. axb5 axb5 27. Qa1 Nh4 28. Qa7+ Kg6 29. gxh4 Qg4+ 30. Kh1 Qf3+ 31. Kg1 Re4 32. h3 Qxh3 33. h5+ Kxh5 34. f3 Re2 35. Rf2 Qg3+ 36. Kh1 Re1+ 0-1


[Site "https://www.chess.com"]

[Event "Titled Tuesday Blitz December 13 Late 2022"]
[White "Goryachkina, Aleksandra"]
[Black "Van Dael, Siem"]
[WhiteFideId "4147103"]
[BlackFideId "1049771"]
[WhiteElo "2484"]
[BlackElo "2336"]
[Result "1-0"]
[Round "06"]
[TimeControl "180+1"]
[Date "2022.12.13"]
[WhiteClock "0:00:03"]
[BlackClock "0:00:03"]

1. e4 d5 2. exd5 Nf6 3. c4 c6 4. d4 cxd5 5. Nc3 g6 6. Nf3 Bg7 7. cxd5 Nxd5 8. Bc4 Nb6 9. Bb3 O-O 10. O-O Nc6 11. d5 Na5 12. Re1 Nxb3 13. axb3 Nd7 14. Bf4 Nf6 15. h3 Bf5 16. Qd2 a6 17. Rad1 Re8 18. Ne5 Qb6 19. g4 Bc8 20. Qc2 Qb4 21. Bg3 Nd7 22. Nc4 Nf6 23. d6 Be6 24. dxe7 Bxc4 25. bxc4 Rxe7 26. Rxe7 Qxe7 27. Nd5 Nxd5 28. cxd5 Re8 29. d6 Qd7 30. Qc7 Rd8 31. Qxd7 Rxd7 32. Rc1 Bf8 33. Rc7 Rd8 34. d7 Be7 35. Rxb7 f6 36. f3 Kf7 37. Bf2 Ke6 38. Rb6+ Kxd7 39. Rxa6 Rb8 40. Ra7+ Ke6 41. Bd4 Rb4 42. Ra6+ Kf7 43. Bc3 Rb7 44. Kf2 Bc5+ 45. Ke2 Be7 46. Kd3 f5 47. Kc4 Rc7+ 48. Kd5 Rd7+ 49. Kc4 Rd1 50. Ra7 Ke6 51. b4 Rf1 52. b5 Rxf3 53. b6 Rf4+ 54. Kb5 Rf1 55. Rxe7+ Kxe7 56. b7 1-0


[Site "https://www.chess.com"]

[Event "Titled Tuesday Blitz December 13 Late 2022"]
[White "Gritsenko, Nikolai"]
[Black "Meduri, Aakaash"]
[WhiteFideId "14112493"]
[BlackFideId "2032252"]
[WhiteElo "2389"]
[BlackElo "2113"]
[Result "1-0"]
[Round "06"]
[TimeControl "180+1"]
[Date "2022.12.13"]
[WhiteClock "0:00:24"]
[BlackClock "0:00:56"]

1. b3 d5 2. Bb2 Bf5 3. Nf3 e6 4. e3 Nf6 5. c4 c6 6. Nc3 h6 7. h3 Be7 8. Be2 O-O 9. g4 Bg6 10. Ne5 Bh7 11. h4 Nfd7 12. Nf3 Na6 13. d4 f5 14. g5 hxg5 15. Nxg5 Bxg5 16. hxg5 Qxg5 17. Qd2 f4 18. O-O-O Qf5 19. Rh5 fxe3 20. fxe3 Qf2 21. Rdh1 Bf5 22. Rh8+ Kf7 23. Bh5+ Ke7 24. Ba3+ c5 25. Qxf2 Rxh8 26. cxd5 Nb4 27. Bxb4 cxb4 28. dxe6 Bxe6 29. Ne4 Rac8+ 30. Kb2 Rhf8 31. Qh4+ Nf6 32. Rg1 Rg8 33. Rxg7+ 1-0


[Site "https://www.chess.com"]

[Event "Titled Tuesday Blitz December 13 Late 2022"]
[White "Grot, Blazej"]
[Black "Cruz, William Ferreira Da"]
[WhiteFideId "21835845"]
[BlackFideId "2118050"]
[WhiteElo "1823"]
[BlackElo "2223"]
[Result "1/2-1/2"]
[Round "06"]
[TimeControl "180+1"]
[Date "2022.12.14"]
[WhiteClock "0:00:16"]
[BlackClock "0:00:14"]

1. e4 e6 2. d3 d5 3. Nd2 Nf6 4. Ngf3 Bc5 5. Be2 dxe4 6. dxe4 Nc6 7. O-O e5 8. c3 a5 9. Bc4 O-O 10. Qc2 Qe7 11. h3 Be6 12. Bxe6 Qxe6 13. a4 Rfd8 14. b3 Ne7 15. Nc4 Ng6 16. Bd2 c6 17. Rad1 b5 18. Ne3 Nf4 19. Nf5 g6 20. Bxf4 exf4 21. N5d4 Bxd4 22. Nxd4 Qxe4 23. Qxe4 Nxe4 24. Nxc6 Rxd1 25. Rxd1 Nxc3 26. Rd3 b4 27. Kf1 Kg7 28. g3 fxg3 29. fxg3 Ra6 30. Ne5 Rf6+ 31. Kg2 Re6 32. Nc4 Ra6 33. Rd7 Ne4 34. Rd5 f5 35. Rxa5 Rxa5 36. Nxa5 Nc5 37. Nc6 Nxb3 38. Nxb4 Na5 39. Kf3 Kf6 40. h4 h6 41. Nd5+ Ke5 42. Ne7 g5 43. hxg5 hxg5 44. Nc8 Kf6 45. Nb6 Ke5 46. Ke3 f4+ 47. gxf4+ gxf4+ 48. Kf3 Kf5 49. Nd5 Ke5 50. Nxf4 Kd4 51. Ke2 Kc3 52. Nd3 Kb3 53. Nc5+ Kb4 54. Kd3 Kxc5 55. Kc3 Kb6 56. Kb4 Ka6 57. Kc5 Nb7+ 58. Kd5 Ka5 59. Ke5 Kb4 60. Kf4 Kc5 61. a5 Nxa5 1/2-1/2


[Site "https://www.chess.com"]

[Event "Titled Tuesday Blitz December 13 Late 2022"]
[White "Hajiyev, Kanan"]
[Black "Silvestre, Christian"]
[WhiteFideId "13404148"]
[BlackFideId "30956269"]
[WhiteElo "2118"]
[BlackElo "2341"]
[Result "0-1"]
[Round "06"]
[TimeControl "180+1"]
[Date "2022.12.14"]
[WhiteClock "0:00:03"]
[BlackClock "0:00:06"]

1. d4 Nf6 2. Nf3 g6 3. c4 Bg7 4. Nc3 O-O 5. g3 d6 6. Bg2 c6 7. O-O Qa5 8. Qd2 Qh5 9. Qg5 Qxg5 10. Bxg5 h6 11. Bf4 g5 12. Bd2 Bf5 13. Rfe1 Ne4 14. Nxe4 Bxe4 15. Bc3 Nd7 16. Rad1 c5 17. e3 Rac8 18. Nd2 Bxg2 19. Kxg2 a6 20. Rc1 Rc7 21. d5 b5 22. Bxg7 Kxg7 23. f4 bxc4 24. Nxc4 Rb7 25. e4 Rfb8 26. e5 Nb6 27. Na5 Rc7 28. Red1 dxe5 29. fxe5 Nd7 30. b3 Nxe5 31. d6 exd6 32. Rxd6 Ra8 33. Re1 f6 34. Rf1 Rf7 35. Rc1 Rc7 36. Rf1 Rf7 37. Rd5 Rc7 38. Rc1 Rac8 39. Nc4 Nxc4 40. Rxc4 Rc6 41. Rd7+ Kg6 42. g4 h5 43. h3 R8c7 44. Rd8 Rc8 45. Rd5 hxg4 46. hxg4 Re8 47. Kf3 Rce6 48. Rc3 Re2 49. Rdxc5 Rxa2 50. Rc2 Ra3 51. R5c3 Rb8 52. Rb2 a5 53. Ke4 a4 54. Rc7 axb3 55. Rd2 b2 56. Rxb2 Rxb2 57. Rd7 Re2+ 58. Kd4 Rd2+ 59. Ke4 Ra5 60. Rxd2 Ra4+ 61. Kf3 Rf4+ 62. Kg3 Ra4 63. Rd8 Ra3+ 64. Kg2 Kf7 65. Rd6 Ke7 66. Rb6 Rd3 67. Kf2 Rd6 68. Rb5 Ke6 69. Rb8 Rd3 70. Rb5 Rd5 71. Rb6+ Ke5 72. Rc6 Rd3 73. Rc5+ Rd5 74. Rc6 Ra5 75. Rb6 Ra3 76. Kg2 Ra4 77. Kf3 Rf4+ 78. Kg3 Ke4 79. Re6+ Kd3 80. Re7 Re4 81. Rf7 Re3+ 82. Kf2 Re6 83. Kf3 Re3+ 84. Kf2 Re6 85. Kf3 Kd4 86. Rd7+ Ke5 87. Rf7 Rd6 88. Rf8 Rd3+ 89. Kf2 Ra3 90. Kg2 Ra6 91. Rf7 Kf4 92. Kh3 Ra3+ 93. Kg2 Kxg4 94. Rxf6 Ra2+ 95. Kg1 Kg3 96. Kf1 g4 97. Rd6 Ra1+ 98. Ke2 Kg2 99. Rd2 g3 100. Ke3+ Kh1 101. Kf3 Ra3+ 102. Ke2 g2 103. Rd1+ g1=Q 104. Rf1 Ra2+ 105. Ke1 Ra1+ 106. Kd2 Rxf1 0-1


[Site "https://www.chess.com"]

[Event "Titled Tuesday Blitz December 13 Late 2022"]
[White "Ibarra Jerez, Jose Carlos"]
[Black "Timmermans, Mark"]
[WhiteFideId "2226332"]
[BlackFideId "1026399"]
[WhiteElo "2638"]
[BlackElo "2460"]
[Result "0-1"]
[Round "06"]
[TimeControl "180+1"]
[Date "2022.12.13"]
[WhiteClock "0:00:11"]
[BlackClock "0:00:40"]

1. d4 Nf6 2. Nc3 d5 3. Bf4 e6 4. Nb5 Na6 5. e3 c6 6. Nc3 Bd6 7. Nf3 O-O 8. Ne5 Qc7 9. Qf3 Nd7 10. Nxd7 Bxd7 11. Bxd6 Qxd6 12. Bxa6 bxa6 13. O-O c5 14. Rfd1 Rab8 15. Rab1 Rfc8 16. Qg3 Qxg3 17. hxg3 cxd4 18. exd4 Kf8 19. Rdc1 Rc4 20. Ne2 a5 21. f3 a4 22. Kf2 a3 23. b3 Rc7 24. Ke3 a5 25. Kd2 Ke7 26. c3 Kd6 27. Nf4 Bb5 28. c4 Ba6 29. c5+ Kc6 30. Nh5 f6 31. Re1 Re7 32. Re3 e5 33. Rbe1 Rbe8 34. g4 Kd7 35. Kc3 exd4+ 36. Kxd4 Rxe3 37. Rxe3 Rxe3 38. Kxe3 a4 39. bxa4 Bc4 40. Kd2 Bxa2 41. Nxg7 Bc4 42. Kc1 d4 43. Nf5 d3 44. Ne3 Bb3 45. Nf1 a2 46. Kb2 Kc6 47. Nd2 Bd5 48. g3 Kxc5 49. f4 Kd4 50. a5 Ke3 0-1


[Site "https://www.chess.com"]

[Event "Titled Tuesday Blitz December 13 Late 2022"]
[White "Itkis, Boris"]
[Black "Bettalli, Francesco"]
[WhiteFideId "1209167"]
[BlackFideId "2816453"]
[WhiteElo "2216"]
[BlackElo "2216"]
[Result "0-1"]
[Round "06"]
[TimeControl "180+1"]
[Date "2022.12.14"]
[WhiteClock "0:00:04"]
[BlackClock "0:00:30"]

1. c4 b6 2. d4 Bb7 3. d5 e6 4. a3 Nf6 5. Nc3 exd5 6. cxd5 g6 7. e4 d6 8. Nf3 Bg7 9. Bd3 O-O 10. O-O Nbd7 11. Bc2 Re8 12. Re1 Ng4 13. h3 Nge5 14. Be3 Nxf3+ 15. Qxf3 Ne5 16. Qe2 a5 17. Ba4 Re7 18. Rad1 Ba6 19. Bb5 Bxb5 20. Nxb5 Qe8 21. Rc1 Rc8 22. Bd4 c5 23. dxc6 Rxc6 24. f4 Rxc1 25. Rxc1 Nc6 26. Bxg7 Kxg7 27. Nxd6 Qd7 28. e5 Nxe5 29. fxe5 Qxd6 30. exd6 Rxe2 31. Rd1 Re8 32. d7 Rd8 33. Rd6 b5 34. Rd5 b4 35. a4 Kf6 36. Rxa5 Rxd7 37. Rb5 Rd4 38. a5 Rd1+ 39. Kh2 Ra1 40. b3 Ra3 41. Rxb4 Rxa5 42. Rf4+ Kg5 43. Rg4+ Kh5 44. Rf4 f5 45. Ra4 Rb5 46. Ra7 h6 47. Ra3 g5 48. Ra6 Rxb3 49. g4+ fxg4 50. hxg4+ Kxg4 51. Rxh6 Rb2+ 52. Kg1 Kg3 53. Kf1 Rb1+ 54. Ke2 g4 55. Rg6 Kh3 56. Kf2 Rb2+ 57. Kg1 Rb1+ 58. Kf2 Rb2+ 59. Kg1 Kg3 60. Kf1 Rb1+ 61. Ke2 Ra1 62. Rg7 Ra2+ 63. Kf1 Ra4 64. Rg6 Rf4+ 65. Kg1 Rd4 66. Kf1 Rd2 67. Rg7 Rf2+ 68. Kg1 Rf8 69. Rg6 Kf3 70. Ra6 Kg3 71. Rg6 Ra8 72. Kf1 Ra1+ 73. Ke2 Ra4 74. Rg7 Kh2 75. Kf1 Rf4+ 76. Ke2 g3 77. Ke3 Rf6 78. Rh7+ Kg1 79. Ke2 g2 80. Rg7 Re6+ 81. Kf3 Kf1 82. Rxg2 Rf6+ 0-1


[Site "https://www.chess.com"]

[Event "Titled Tuesday Blitz December 13 Late 2022"]
[White "Kanakaris, Georgios"]
[Black "Jacobson, Brandon"]
[WhiteFideId "4209460"]
[BlackFideId "30901561"]
[WhiteElo "2291"]
[BlackElo "2451"]
[Result "0-1"]
[Round "06"]
[TimeControl "180+1"]
[Date "2022.12.13"]
[WhiteClock "0:00:02"]
[BlackClock "0:00:17"]

1. d4 Nf6 2. Nf3 g6 3. g3 Bg7 4. Bg2 O-O 5. O-O d6 6. b3 b5 7. Bb2 Bb7 8. Nbd2 Nbd7 9. a4 b4 10. a5 c5 11. dxc5 Nxc5 12. Nc4 Rc8 13. Qe1 Nd5 14. Bxg7 Kxg7 15. Nd4 Nc3 16. Bxb7 Nxb7 17. a6 Nc5 18. Na5 e5 19. Nf3 Nxa6 20. Qd2 Nc5 21. Nc4 N5e4 22. Qe3 Rc7 23. Nfd2 d5 24. Nxe4 dxe4 25. Nxe5 Qd4 26. Nc4 Qxe3 27. Nxe3 Nxe2+ 28. Kg2 Nd4 29. Rfd1 Nxc2 30. Nd5 Nxa1 31. Nxc7 Nxb3 32. Rb1 Nc5 33. Rxb4 Rc8 34. Nd5 a5 35. Rb5 a4 36. Ra5 Nd3 37. Rxa4 Rc2 38. Rxe4 Nxf2 39. Rd4 Ng4+ 40. Kg1 Nxh2 41. Rf4 g5 42. Rf5 g4 43. Ne3 Re2 44. Nxg4 Nxg4 45. Rg5+ Kf6 46. Rxg4 h5 47. Rf4+ Kg6 48. Kf1 Ra2 49. Kg1 f5 50. Rb4 Kg5 51. Rc4 Re2 52. Rd4 Re4 53. Rd2 Re3 54. Kg2 Ra3 55. Re2 h4 56. gxh4+ Kxh4 57. Rf2 Kg4 58. Rc2 f4 59. Kf2 Rh3 0-1


[Site "https://www.chess.com"]